 Dungeon Crawl Stone Soup version 0.18.1-6-gd335043 (webtiles) character file.

578 oplop the Covert (level 7, 0/46 HPs)
             Began as a Vampire Enchanter on May 20, 2016.
             Slain by an orc wizard
             ... wielding a +0 dagger
              (6 damage)
             ... on level 4 of the Dungeon.
             The game lasted 00:09:21 (3345 turns).

oplop the Covert (Vampire Enchanter)                Turns: 3345, Time: 00:09:21

Health: 0/46       AC:  3    Str:  7    XL:     7   Next: 13%
Magic:  0/13       EV: 13    Int: 17    God:
Gold:   212        SH:  0    Dex: 17    Spells: 5 memorised, 2 levels left

rFire  . . .     SeeInvis +     s - +1 dagger (venom)
rCold  + . .     Gourm    .     t - +1 robe {rN+}
rNeg   + + +     Faith    .     (no shield)
rPois  +         Spirit   .     (no helmet)
rElec  .         Dismiss  .     (no cloak)
rCorr  .         Reflect  .     (no gloves)
SustAt .         Harm     .     (no boots)
MR     .....                    (no amulet)
Stlth  +++++.....               (no ring)
                                (no ring)

@: regenerating slowly, not resistant to hostile enchantments, quite stealthy
A: fangs 3, see invisible, unbreathing
a: Bat Form


You were on level 4 of the Dungeon.
You were thirsty.

You visited 1 branch of the dungeon, and saw 4 of its levels.
You also visited: Sewer.

You collected 212 gold pieces.

Inventory:

Hand Weapons
 a - a +1 dagger
 s - a +1 dagger of venom (weapon)
Armour
 b - a +1 robe
 t - a +1 robe of positive energy (worn)
Jewellery
 k - an uncursed ring of fire
Wands
 r - a wand of enslavement (13/24)
Scrolls
 f - a scroll of enchant armour {unknown}
 g - 6 scrolls of identify {unknown}
 h - a scroll of teleportation {unknown}
 p - a scroll of immolation {unknown}
 u - 2 scrolls of recharging {unknown}
 w - a scroll of enchant weapon {unknown}
Potions
 d - 5 potions of blood
 e - a potion of degeneration {unknown}
 i - 2 potions of curing
 j - a potion of brilliance {unknown}
 l - a potion of resistance {unknown}
 m - a potion of invisibility {unknown}
 n - a potion of magic {unknown}
 o - a potion of agility {unknown}
 q - 2 potions of berserk rage {unknown}
 v - a potion of might {unknown}
Books
 c - a book of Maledictions

   Spells                             Type                      Level
   a - Corona                         Hexes                        1
   b - Ensorcelled Hibernation        Hexes/Ice                    2
   c - Confuse                        Hexes                        3
   d - Tukima's Dance                 Hexes                        3
   e - Dazzling Spray                 Conjuration/Hexes            3


   Skills:
 - Level 1.1 Short Blades
 - Level 2.1 Dodging
 + Level 8.3 Stealth
 + Level 4.3 Spellcasting
 + Level 7.7 Hexes


You had 2 spell levels left.
You knew the following spells:

 Your Spells              Type           Power        Failure   Level  Hunger
a - Corona                Hex            ####...      1%          1    None
b - Ensorcelled Hibernat  Hex/Ice        ###...       6%          2    ##.....
c - Confuse               Hex            ####....     1%          3    ###....
d - Dazzling Spray        Conj/Hex       ###.....     12%         3    ###....
e - Tukima's Dance        Hex            ####....     1%          3    ###....


Dungeon Overview and Level Annotations

Branches:
Dungeon (4/15)
 Temple: D:4-7

Altars:
Fedhas


Innate Abilities, Weirdness & Mutations

You heal slowly.
You have razor-sharp teeth.
You have supernaturally acute eyesight.
You can survive without breathing.


Message History

The orc wizard is lightly wounded.
The orc wizard hits you with a dagger.
* * * LOW HITPOINT WARNING * * *
The orc wizard hits you with a dagger.
* * * LOW HITPOINT WARNING * * *
You barely miss the orc wizard. Your bite misses the orc wizard.
The orc wizard is moderately wounded.
The orc wizard hits you with a dagger.
* * * LOW HITPOINT WARNING * * *
You hit the orc wizard.
The orc wizard is heavily wounded.
The orc wizard hits you but does no damage.
Casting: Ensorcelled Hibernation
Confirm with . or Enter, or press ? or * to list all spells.
Aiming: Ensorcelled Hibernation
Press: ? - help, Shift-Dir - straight line, f/p - orc wizard
Aim: an orc wizard, wielding a dagger and wearing a robe (heavily wounded, fast, poisoned, chance to defeat MR: 47%)
The orc wizard resists with some effort.
The orc wizard closely misses you. The orc wizard hits you with a dagger.
You die...

.....# ##≈##≈≈##≈#########..
.....# #≈#≈≈.≈#†# #.##.. .....#
#≈#≈≈≈≈#≈######..... ....######
##≈##≈≈##≈##.....#### ..#......#
#≈≈≈#≈≈#≈≈≈#######...
..#......####≈≈†#≈≈≈≈≈≈#.)...#.##
..#...)....###≈######≈##.###.#.#
..#)..)..#)# #.#....###..# #.#.#
..#......#.# #.o@........# #.#.#
#.#......#.###.##........# #...#
...............##.)......# #####
..........#######........#
............# #..).....#
..........#.# #........#
..#########.# #........# .. #
########## .


You could see an orc wizard.

Vanquished Creatures
  Purgy (Sewer)
  An ogre (D:3)
  2 jellies (D:4)
  An orc wizard (D:4)
  A centaur skeleton (D:3)
  An orc priest (D:4)
  Ijyb (D:3)
  A worker ant (D:4)
  A gnoll (D:4)
  9 adders
  3 oozes
  An adder skeleton (D:4)
  A worm (D:4)
  4 dart slugs
  3 giant geckos (D:4)
  5 orcs (D:4)
  2 ball pythons
  10 bats
  4 giant cockroaches
  8 goblins
  4 hobgoblins
  8 kobolds
  4 quokkas
  A giant newt (D:1)
  4 rats
81 creatures vanquished.

Notes
Turn   | Place    | Note
--------------------------------------------------------------
     0 | D:1      | oplop the Vampire Enchanter began the quest for the Orb.
     0 | D:1      | Reached XP level 1. HP: 13/13 MP: 3/3
   179 | D:1      | Reached XP level 2. HP: 7/19 MP: 5/5
   462 | D:1      | Learned a level 2 spell: Ensorcelled Hibernation
   747 | D:1      | Reached skill level 5 in Stealth
  1179 | D:2      | Reached skill level 5 in Hexes
  1179 | D:2      | Reached XP level 3. HP: 22/24 MP: 6/6
  1502 | D:2      | Reached XP level 4. HP: 28/30 MP: 3/8
  1641 | D:2      | Reached skill level 6 in Stealth
  1688 | D:2      | oplop: мне вот интересно нафига сделан анранд амулет с одним свойством - rN+
  1688 | D:2      | oplop: палец этот
  1688 | D:2      | oplop: с него же толку нуль
  1803 | D:3      | Found a blossoming altar of Fedhas.
  1936 | D:3      | Learned a level 3 spell: Confuse
  2051 | D:3      | Reached XP level 5. HP: 14/35 MP: 5/9
  2176 | D:3      | Noticed an ogre
  2177 | D:3      | Noticed Ijyb
  2193 | D:3      | Killed Ijyb
  2331 | D:3      | Killed an ogre
  2331 | D:3      | Reached skill level 7 in Stealth
  2401 | D:3      | Reached XP level 6. HP: 41/41 MP: 11/11
  2406 | D:3      | Learned a level 3 spell: Dazzling Spray
  2410 | D:3      | Learned a level 3 spell: Tukima's Dance
  2581 | D:4      | namelastname112: лол блять
  2583 | D:4      | namelastname112: в смысле
  2592 | D:3      | namelastname112: третье кольцо надеть же
  2639 | D:3      | namelastname112: ??macabre finger necklace
  2639 | D:3      | beem: macabre finger necklace[1/1]: A unrand amulet that gives rN+ and an extra ring slot. Also gave {warding} in 0.17-.
  2639 | D:3      | oplop: э
  2639 | D:3      | oplop: лол
  2639 | D:3      | oplop: я не знал что он слот дает
  2639 | D:3      | oplop: наркомания
  2639 | D:3      | namelastname112: ну теперь знаешь
  2929 | D:4      | oplop: ну типа того, да
  2968 | D:4      | Found a glowing drain.
  2975 | Sewer    | Entered a sewer
  3021 | Sewer    | Noticed Purgy
  3035 | Sewer    | Killed Purgy
  3078 | Sewer    | oplop: сука, весь турнир пуржи не видел
  3078 | Sewer    | oplop: за 2 последних дня - 4 раза
  3175 | D:4      | Reached skill level 8 in Stealth
  3214 | D:4      | Reached XP level 7. HP: 10/46 MP: 6/13
  3345 | D:4      | Slain by an orc wizard

Skill      XL: |  1  2  3  4  5  6 |
---------------+-------------------+-----
Stealth        | 5 6 7 8 |  8.3
Hexes          | 5 6 7 |  7.7
Spellcasting   | 3 4 |  4.3
Short Blades   | |  1.1
Dodging        | |  2.1

Action                   |  1- 3 |  4- 6 |  7- 9 || total
-------------------------+-------+-------+-------++-------
Melee: Dagger            |    99 |   131 |     9 ||   239
       Bite              |     9 |    12 |     1 ||    22
 Cast: Corona            |     4 |       |       ||     4
       Ensorcelled Hiber |     6 |    26 |     8 ||    40
       Confuse           |       |    12 |       ||    12
 Abil: End Transformatio |       |     3 |     1 ||     4
       Bat Form          |       |     3 |     1 ||     4
  Use: Potion            |       |     4 |       ||     4
 Stab: Sleeping          |    14 |    23 |     2 ||    39
       Confused          |       |     6 |       ||     6
       Distracted        |       |     1 |       ||     1
Armor: Robe              |    30 |    44 |       ||    74
Dodge: Dodged            |    56 |   118 |     3 ||   177
